 Dungeon Crawl Stone Soup version 0.24.1-8-ga250c9d538 (webtiles) character file.

Game seed: 9946128224952735293, levelgen mode: deterministic

1904 Lemonice the Poker (level 9, 0/68 HPs)
             Began as a Merfolk Skald on May 2, 2020.
             Was an Initiate of Ashenzari.
             Slain by a wight
             ... wielding a +0 dire flail
              (1 damage)
             ... on level 6 of the Dungeon on May 3, 2020.
             The game lasted 00:20:27 (7097 turns).

Lemonice the Poker (Merfolk Skald)                  Turns: 7097, Time: 00:20:27

Health: 0/68       AC:  6    Str: 14    XL:     9   Next: 15%
Magic:  5/15       EV: 14    Int: 12    God:    Ashenzari [......]
Gold:   237        SH:  0    Dex: 14    Spells: 6/17 levels left

rFire    . . .     SeeInvis .   x - +0 trident
rCold    . . .     Gourm    .   (no shield)
rNeg     . . .     Faith    .   B - +2 leather armour {MR+} (curse)
rPois    .         Spirit   .   (no helmet)
rElec    .         Reflect  .   p - +0 cloak (curse)
rCorr    .         Harm     .   (no gloves)
MR       +....                  (no boots)
Stlth    ++........             (no amulet)
HPRegen  0.21/turn              (no ring)
MPRegen  0.14/turn              (no ring)

@: heavily drained
A: change form in water, swift swim, stealthy swim
a: Curse Item, Renounce Religion


You were on level 6 of the Dungeon.
You worshipped Ashenzari.
Ashenzari was noncommittal.
You were not hungry.

You visited 2 branches of the dungeon, and saw 7 of its levels.

You collected 237 gold pieces.

Inventory:

Hand Weapons
 a - a +0 spear
 x - a +0 trident (weapon)
Missiles
 s - 5 boomerangs (quivered)
Armour
 b - a +0 leather armour
 p - a cursed +0 cloak (worn)
 B - a cursed +2 leather armour of magic resistance (worn)
Magical Staves
 v - an uncursed staff of cold
 w - an uncursed staff of earth
Scrolls
 g - 3 scrolls of amnesia {unknown}
 h - a scroll of fog {unknown}
 i - 4 scrolls of remove curse
 k - 8 scrolls of identify {unknown}
 m - 2 scrolls of noise {unknown}
 o - 2 scrolls of enchant armour {unknown}
 r - 2 scrolls of enchant weapon {unknown}
 u - 2 scrolls of teleportation {unknown}
 y - a scroll of brand weapon {unknown}
 A - a scroll of fear {unknown}
Potions
 c - 2 potions of lignification {unknown}
 e - a potion of degeneration {unknown}
 f - a potion of curing
 j - a potion of cancellation {unknown}
 l - 3 potions of haste
 n - a potion of flight {unknown}
 q - 2 potions of might {unknown}
 t - a potion of mutation {unknown}
Comestibles
 d - 10 rations


   Skills:
 + Level 5.4(3.9) Fighting
 + Level 7.2(5.6) Polearms
 + Level 2.8(1.4) Armour
 + Level 6.6(5.1) Dodging
 - Level 4.0(2.5) Stealth
 + Level 4.6(3.1) Spellcasting
 + Level 5.9(4.3) Charms


You had 6 spell levels left.
You knew the following spells:

 Your Spells              Type           Power        Failure   Level  Hunger
a - Infusion              Chrm           ##..         4%          1    #......
b - Song of Slaying       Chrm           ##......     8%          2    ###....
c - Shroud of Golubria    Chrm/Tloc      #.....       19%         2    ###....
d - Regeneration          Chrm/Necr      #.........   36%         3    ###....
e - Spectral Weapon       Hex/Chrm       #.......     36%         3    ###....

Your spell library contained the following spells:

 Spells                   Type           Power        Failure   Level  Hunger
 Beastly Appendage        Tmut           #.....       30%         1    #......
 Magic Dart               Conj           #...         30%         1    #......
 Blink                    Tloc           N/A          41%         2    ###....
 Call Imp                 Summ           #.......     41%         2    ###....
 Slow                     Hex            #.......     41%         2    ###....
 Sticks to Snakes         Tmut           #.......     41%         2    ###....
 Conjure Flame            Conj/Fire      #.......     65%         3    ###....
 Mephitic Cloud           Conj/Pois/Air  #.......     65%         3    ###....
 Spider Form              Tmut/Pois      #.........   65%         3    ###....
 Ice Form                 Ice/Tmut       #.......     96%         4    #####..
 Blade Hands              Tmut           #.........   100%        5    ######.


Dungeon Overview and Level Annotations

Branches:
Dungeon (6/15)             Temple (1/1) D:5

Altars:
Ashenzari
Cheibriados
Dithmenos
Elyvilon
Fedhas
Gozag
Hepliaklqana
Kikubaaqudgha
Makhleb
Nemelex Xobeh
Okawaru
Qazlal
Ru
Sif Muna
Trog
Uskayaw
Vehumet
Wu Jian
Xom
Yredelemnul
Zin
The Shining One

Shops:
D:5 !

Annotations:
D:4 2 transporters, Tinylith's ghost, novice FoFi
D:6 Dowan


Message History

The orc priest is severely wounded.
Your song has ended.
The wight completely misses you.
Attack whom?
Press: ? - help, Dir - move target cursor, f/p - orc priest
Aim: an orc priest, wielding a +0 dagger (severely wounded)
You reach to attack!
You hit the orc priest.
The orc priest is almost dead.
The wight hits you with a +0 dire flail.
* * * LOW HITPOINT WARNING * * *
You feel drained.
* * * LOW HITPOINT WARNING * * *
The orc priest invokes the aid of Beogh against you.
Beogh smites you!
* * * LOW HITPOINT WARNING * * *
You feel better.
The wight hits you with a +0 dire flail!
* * * LOW HITPOINT WARNING * * *
You feel drained.
You die...

#..........##..########.#######
###..........##...........# ###
..).............#########.# ...
###.#####....########## ##. ...
#.......'.............. . ...
#.#######......######## .. ...
#.# #......# ####### ... #.#
#......###z....# ... #.#
#.......@zoo...# .!. #.#
######)######o....# ... #.#
#.......# ####'## ... #.#
#.......# ... ### #.# #.......#
o..# #.# #.......# Oz.# #.#
#.......# ..z# #.####.......#
.... #.#..........# .....


You could see 2 wights, an orc priest and 2 orcs.

Vanquished Creatures
  Sigmund (D:6)
  Eustachio (D:6)
  An ice beast (D:6)
  2 eyes of draining
  A black bear (D:6)
  3 ogres
  A centaur (D:5)
  A scorpion (D:4)
  A howler monkey (D:5)
  A wight (D:6)
  A hound (D:4)
  A bullfrog skeleton (D:4)
  A centaur skeleton (D:6)
  Jessica (D:3)
  An iguana (D:4)
  11 orc wizards
  5 worker ants
  A hound skeleton (D:4)
  10 adders
  2 oozes
  An adder skeleton (D:6)
  3 worms
  2 dart slugs (D:2)
  7 leopard geckos
  11 orcs
  9 bats
  5 giant cockroaches
  11 goblins
  10 hobgoblins
  7 jackals
  3 quokkas
  A frilled lizard (D:2)
  10 kobolds
  8 rats
135 creatures vanquished.

Notes
Turn   | Place    | Note
-------+----------+-------------------------------------------
     0 | D:1      | Lemonice the Merfolk Skald began the quest for the Orb.
     0 | D:1      | Reached XP level 1. HP: 16/16 MP: 3/3
    97 | D:1      | Reached XP level 2. HP: 22/22 MP: 5/5
   280 | D:1      | Reached skill level 1 in Stealth
   608 | D:1      | Reached XP level 3. HP: 11/28 MP: 6/6
  1146 | D:2      | Reached XP level 4. HP: 30/34 MP: 2/7
  1624 | D:2      | Learned a level 2 spell: Song of Slaying
  1627 | D:2      | Learned a level 2 spell: Shroud of Golubria
  2405 | D:3      | Reached XP level 5. HP: 26/40 MP: 3/8
  2573 | D:3      | Found a shimmering altar of Xom.
  2729 | D:3      | Found a basalt altar of Yredelemnul.
  2735 | D:3      | Found a sacrificial altar of Ru.
  2834 | D:3      | Noticed Jessica
  2845 | D:3      | Killed Jessica
  2845 | D:3      | Reached skill level 4 in Polearms
  2950 | D:3      | Found a glowing golden altar of the Shining One.
  3207 | D:4      | Reached XP level 6. HP: 40/47 MP: 5/10
  3409 | D:4      | Found a transporter.
  3410 | D:4      | Noticed Tinylith's ghost (novice FoFi)
  3800 | D:4      | Learned a level 3 spell: Regeneration
  3804 | D:4      | Learned a level 3 spell: Spectral Weapon
  4120 | D:4      | Reached skill level 1 in Armour
  4120 | D:4      | Reached XP level 7. HP: 27/52 MP: 2/11
  4497 | D:4      | Reached skill level 5 in Polearms
  4873 | D:4      | Found a transporter.
  4926 | D:5      | Entered Level 5 of the Dungeon
  5062 | D:5      | Found a staircase to the Ecumenical Temple.
  5085 | Temple   | Entered the Ecumenical Temple
  5250 | Temple   | Became a worshipper of Ashenzari the Shackled
  5288 | D:5      | Reached skill level 5 in Dodging
  5395 | D:5      | Found Jus Kamo's Distillery.
  5468 | D:5      | Reached XP level 8. HP: 54/60 MP: 0/13
  5526 | D:5      | Found a bloodstained altar of Trog.
  5672 | D:5      | Reached skill level 5 in Charms
  5686 | D:5      | Found a stormy altar of Qazlal.
  5891 | D:5      | Found a snail-covered altar of Cheibriados.
  5945 | D:5      | Reached skill level 6 in Polearms
  5949 | D:6      | Noticed Dowan
  6718 | D:6      | Noticed Eustachio
  6786 | D:6      | Killed Eustachio
  6786 | D:6      | Reached skill level 5 in Fighting
  6942 | D:6      | Noticed Sigmund
  6963 | D:6      | Killed Sigmund
  6963 | D:6      | Reached skill level 7 in Polearms
  6963 | D:6      | Reached XP level 9. HP: 54/68 MP: 9/15
  7097 | D:6      | HP: 1/68 [wight/+0 dire flail (9)]
  7097 | D:6      | Slain by a wight

Levels and vault maps discovered:
D:1:      eino_arrival_water_cross, layout_basic
D:2:      kennysheep_six_static_rooms, layout_loops_cross
D:3:      layout_loops_ring, nicolae_overflow_crystal_walls, tso_altar,
          amethyst_overflow_temple_binary, kennysheep_generic_room_9,
          uniq_jessica
D:4:      layout_loops_corners, first_ration, gammafunk_ghost_arena,
          st_stairs_3, minmay_a_box_with_orc_wizards_in_it
D:5:      layout_cave_pools, trog_eyes_of_draining, marbit_many_paths,
          minmay_temple_entry_arrows, serial_shops, shop, chei_slow_surprise
D:6:      layout_basic, uniq_sigmund, uniq_duvessa, uniq_eustachio
Temple:   eino_temple_scatter_basement

Skill      XL: |  1  2  3  4  5  6  7  8 |
---------------+-------------------------+-----
Stealth        | 1 2 3 4 |  4.0
Dodging        | 3 4 5 6 |  6.6
Fighting       | 3 4 5 |  5.4
Polearms       | 4 5 7 |  7.2
Charms         | 4 5 |  5.9
Spellcasting   | 3 4 |  4.6
Armour         | 1 2 |  2.8

Action                   |  1- 3 |  4- 6 |  7- 9 || total
-------------------------+-------+-------+-------++-------
Melee: Spear             |   142 |   265 |   138 ||   545
       Trident           |       |       |   239 ||   239
Throw: Boomerang         |       |       |    12 ||    12
 Cast: Infusion          |     1 |    10 |    16 ||    27
       Shroud of Golubri |       |     1 |     3 ||     4
       Regeneration      |       |       |     2 ||     2
       Song of Slaying   |       |       |     1 ||     1
Invok: Curse Item        |       |       |     2 ||     2
  Use: Potion            |       |     5 |     2 ||     7
 Stab: Sleeping          |     3 |     7 |     2 ||    12
  Eat: Chunk             |       |     6 |     9 ||    15
       Ration            |       |     1 |     1 ||     2
Armor: Leather armour    |    28 |    58 |    58 ||   144
Dodge: Dodged            |    73 |   110 |   217 ||   400
